 Dungeon Crawl Stone Soup version 0.27-a0-1347-gd8886f0a89 (webtiles) character file.

Game seed: 7275060260571387643

321 Brandom the Sneak (level 6, -4/49 HPs)
             Began as a Human Delver on June 27, 2021.
             Was a Follower of Makhleb.
             Killed by nerve-wracking pain
             ... invoked by Grinder
              (7 damage)
             ... on level 3 of the Dungeon.
             The game lasted 00:06:57 (3830 turns).

Brandom the Sneak (Human Delver)                    Turns: 3830, Time: 00:06:58

Health: -4/49      AC:  7    Str: 14    XL:     6   Next: 76%
Magic:  6/6        EV: 11    Int: 10    God:    Makhleb [*.....]
Gold:   76         SH:  0    Dex: 15    Spells: 5/5 levels left

rFire    . . .     SeeInvis .   q - +2 whip (freeze)
rCold    . . .     Faith    .   (no shield)
rNeg     . . .     Spirit   .   o - +0 swamp dragon scales
rPois    +         Reflect  .   (no helmet)
rElec    .         Harm     .   (no cloak)
rCorr    .         Rampage  .   (no gloves)
Will     .....                  (no boots)
Stlth    ++........             (no amulet)
HPRegen  0.16/turn              (no ring)
MPRegen  0.10/turn              (no ring)

@: flying
A: no striking features
a: Renounce Religion


You were on level 3 of the Dungeon.
You worshipped Makhleb.
Makhleb was aware of your devotion.
You visited 1 branch of the dungeon, and saw 5 of its levels.

You collected 76 gold pieces.

Inventory:

Hand Weapons
 a - a +0 mace
 q - a +2 whip of freezing (weapon)
   (You found it on level 2 of the Dungeon)
Missiles
 s - 4 boomerangs (quivered)
Armour
 b - a +0 leather armour
 j - a +0 ring mail
   (You found it on level 1 of the Dungeon)
 o - +0 swamp dragon scales (worn)
   (You took it off a kobold on level 2 of the Dungeon)
Wands
 v - a wand of digging (3)
Scrolls
 c - a scroll of fog
 d - a scroll of magic mapping
 e - a scroll of fear
 g - a scroll of noise {unknown}
 h - 4 scrolls of identify {unknown}
 i - 2 scrolls of teleportation {unknown}
 l - a scroll of acquirement {unknown}
 n - a scroll of silence {unknown}
 r - a scroll of amnesia {unknown}
Potions
 f - 2 potions of haste {@q3}
 k - a potion of might {unknown}
 m - 2 potions of flight
 p - a potion of brilliance {unknown}
 t - a potion of degeneration {unknown}


   Skills:
 * Level 4.7 Fighting
 * Level 4.1 Maces & Flails
 + Level 2.2 Armour
 + Level 3.1 Dodging
 - Level 5.0 Stealth


You had 5 spell levels left.
You didn't know any spells.
Your spell library was empty.

Dungeon Overview and Level Annotations

Branches:
Dungeon (5/15)
 Temple: D:4-7

Altars:
Makhleb
Trog

Annotations:
D:3 Grinder


Message History

No target in view!
No target in view!
No target in view!
No target in view!
No target in view!
No target in view!
No target in view!
No target in view!
No target in view!
No target in view!
No target in view!
No target in view!
No target in view!
No target in view!
No target in view!
No target in view!
Found 9 gold pieces.
You now have 76 gold pieces (gained 9).
Grinder comes into view.
The helpless Grinder fails to defend herself.
You hit Grinder but do no damage. Grinder hits you.
You writhe in agony.
You hit Grinder. Grinder hits you.
You writhe in agony.
You barely miss Grinder. Grinder hits you!
You hit Grinder. Grinder hits you.
You writhe in agony.
* * * LOW HITPOINT WARNING * * *
Okay, then.
You hit Grinder. Grinder gestures at you.
You suddenly lose the ability to move!
Grinder hits you.
* * * LOW HITPOINT WARNING * * *
Grinder barely misses you. Grinder gestures at you.
Pain shoots through your body!
* * * LOW HITPOINT WARNING * * *
Grinder hits you.
* * * LOW HITPOINT WARNING * * *
You writhe in agony.
* * * LOW HITPOINT WARNING * * *
Grinder hits you.
* * * LOW HITPOINT WARNING * * *
Grinder hits you.
* * * LOW HITPOINT WARNING * * *
You can move again.
It was a potion of flight.
You feel very buoyant.
You fly up into the air.
Grinder gestures at you. Pain shoots through your body!
You die...

#...........
#.# ######
####.#....#
#.# #.....
#....# #.#
#..... #....#
#.# #.....
#..... #.#
#.....
####....####.#
#.....
.............#
#.....
###....######
#..... #...@#
...... #...5#
#..... ######
####.. ....#
####


You could see Grinder.

Vanquished Creatures
  A black bear (D:2)
  Natasha (thrice) (D:3)
  An orc wizard (D:2)
  Terence (D:2)
  3 adders
  4 worms
  A dart slug (D:1)
  9 orcs
  An endoplasm (D:2)
  3 giant cockroaches
  5 goblins
  4 hobgoblins
  6 jackals
  7 kobolds
  A quokka (D:3)
  2 ball pythons
  4 bats
  3 frilled lizards (D:2)
  7 rats
66 creatures vanquished.

Notes
Turn   | Place    | Note
-------+----------+-------------------------------------------
     0 | D:5      | Brandom the Human Delver began the quest for the Orb.
     0 | D:5      | Reached XP level 1. HP: 18/18 MP: 1/1
    24 | D:5      | Noticed a black bear
    33 | D:4      | Noticed an orc priest
   125 | D:3      | Noticed a black bear
   204 | D:2      | Reached XP level 2. HP: 23/24 MP: 2/2
   826 | D:1      | Reached XP level 3. HP: 14/29 MP: 3/3
  1392 | D:2      | Reached skill level 1 in Armour
  2045 | D:2      | Noticed Terence
  2065 | D:2      | Killed Terence
  2066 | D:2      | Reached XP level 4. HP: 8/37 MP: 4/4
  2635 | D:2      | Killed a black bear
  2636 | D:2      | Reached XP level 5. HP: 19/42 MP: 5/5
  2874 | D:2      | Reached XP level 6. HP: 43/48 MP: 6/6
  2969 | D:3      | Noticed Natasha
  2984 | D:3      | Killed Natasha
  3164 | D:3      | Found a faded altar of an unknown god.
  3172 | D:3      | Became a worshipper of Makhleb the Destroyer
  3172 | D:3      | Reached * piety under Makhleb
  3351 | D:3      | Found a bloodstained altar of Trog.
  3432 | D:3      | Noticed Natasha
  3452 | D:3      | Killed Natasha
  3492 | D:3      | Noticed Natasha
  3499 | D:3      | Killed Natasha
  3816 | D:3      | Noticed Grinder
  3823 | D:3      | Paralysed by Grinder for 6 turns
  3830 | D:3      | Killed from afar by Grinder

Illustrated notes

Levels and vault maps discovered:
D:1:      dpeg_arrival_morbid_curiosity, layout_basic
D:2:      layout_loops_cross, uniq_terence
D:3:      layout_basic, marbit_many_paths, basic_ecumenical_altar, uniq_natasha,
          uniq_grinder
D:4:      layout_basic, serial_rivers, chequers_serial_rivers_room_b,
          chequers_serial_rivers_micro_c, chequers_serial_rivers_micro_e,
          chequers_serial_rivers_large_a
D:5:      layout_cave_pools, worldfamousw_hep_ancestral_shrine,
          gammafunk_temple_overflow_forgotten, minmay_temple_entry_stoned_glass,
          cheibrodos_sewer_entry_drain, uniq_pikel

Skill      XL: |  1  2  3  4  5  6 |
---------------+-------------------+-----
Armour         | 1 2 |  2.2
Maces & Flails | 3 4 |  4.1
Fighting       | 4 |  4.7
Dodging        | 3 |  3.1
Stealth        | |  5.0

Action                   |  1- 3 |  4- 6 || total
-------------------------+-------+-------++-------
Melee: Mace              |   110 |       ||   110
       Whip              |    17 |   111 ||   128
  Use: Potion            |       |     1 ||     1
 Stab: Sleeping          |     5 |     7 ||    12
Armor: Leather armour    |     7 |       ||     7
       Ring mail         |    32 |       ||    32
       Swamp dragon scal |     2 |    30 ||    32
Dodge: Dodged            |    74 |    55 ||   129

Table legend: (Time is in decaauts)
 A = Elapsed time spent in this place.
 B = Non-inter-level travel time spent in this place.
 C = Inter-level travel time spent in this place.
 D = Time resting spent in this place.
 E = Time spent auto-exploring this place.
 F = Levels seen in this place.
 G = Mean time per level.
                   A        B        C        D        E       F      G
               +--------+--------+--------+--------+--------+-----+--------+
         Total |   3863 |   3792 |     71 |    516 |   2586 |   5 |  772.6 |
       Dungeon |   3863 |   3792 |     71 |    516 |   2586 |   5 |  772.6 |
               +--------+--------+--------+--------+--------+-----+--------+

Top non-repeatable levels by time:
     D:2: 1611 daAuts
     D:1: 1164 daAuts
     D:3: 961 daAuts
     D:4: 93 daAuts
     D:5: 33 daAuts
